 Dungeon Crawl Stone Soup version 0.22-a0-443-g17c3723 (webtiles) character file.

42 Gorglomux the Covered (level 3, -5/24 HPs)
             Began as a Gargoyle Fighter on June 1, 2018.
             Slain by a black bear (7 damage)
             ... on level 2 of the Dungeon.
             The game lasted 00:00:15 (728 turns).

Gorglomux the Covered (Gargoyle Fighter)             Turns: 728, Time: 00:00:15

Health: -5/24      AC: 10    Str: 20    XL:     3   Next: 56%
Magic:  3/3        EV:  7    Int:  8    God:
Gold:   62         SH:  9    Dex:  9    Spells: 2/2 levels left

rFire    . . .     SeeInvis .   a - +0 war axe
rCold    . . .     Gourm    .   c - +0 shield
rNeg     + . .     Faith    .   b - +0 scale mail
rPois    ∞         Spirit   .   (no helmet)
rElec    +         Reflect  .   (no cloak)
rCorr    .         Harm     .   (no gloves)
MR       .....                  (no boots)
Stlth    ..........             (no amulet)
HPRegen  0.08/turn              (no ring)
MPRegen  0.08/turn              (no ring)

@: no status effects
A: negative energy resistance 1, electricity resistance, unbreathing,
petrification resistance, rot immunity, AC +3
a: no special abilities


You were on level 2 of the Dungeon.
You were not hungry.

You visited 1 branch of the dungeon, and saw 2 of its levels.

You collected 62 gold pieces.

Inventory:

Hand Weapons
 a - a +0 war axe (weapon)
Armour
 b - a +0 scale mail (worn)
 c - a +0 shield (worn)
Scrolls
 h - a scroll of teleportation {unknown}
 j - a scroll of identify {unknown}
 k - a scroll of noise {unknown}
Potions
 d - a potion of might
 i - 2 potions of berserk rage {unknown}
Comestibles
 f - 4 rations
 l - a chunk of flesh


   Skills:
 + Level 3.7 Fighting
 + Level 2.2 Axes
 + Level 3.7 Armour
 + Level 3.7 Shields


You had 2 spell levels left.
You didn't know any spells.
Your spell library was empty.

Dungeon Overview and Level Annotations

Branches:
Dungeon (2/15)

Altars:


Innate Abilities, Weirdness & Mutations

You are resistant to torment.
Your stone body is resilient. (AC +3)
You are immune to poison.
You resist negative energy. (rN+)
You are resistant to electric shocks. (rElec)
You can survive without breathing.
You are immune to petrification.
You are immune to rotting.


Message History

The black bear is almost dead!
The black bear closely misses you!
The black bear claws you but does no damage!
The black bear claws you! You block the butt bear's butt!
You block the black bear's attack!
The black bear claws butt!
You open the black bear like a pillowcase!
The black bear is almost dead!
The black bear bites butt!
The black bear closely misses you! You block the black bear's attack!
The black bear bites you!!! * * * don't die
* * * The black bear barely misses you!
The black bear claws you but does no damage!
You are too injured to fight recklessly!!!
You are too injured to fight recklessly!!!
Unknown command!
You are too butt to fight recklessly!!!
Your scale mail prevents you from hitting the black bear!
The black bear is almost dead!
The black bear bites you!!! rip

###############
#.......@h....#
#.###########.#
......###.#########
.......##..........
....... #..########
....... #..#
......# #>.# .....#
#..# #..###..# ###


You could see a black bear (berserk).

Vanquished Creatures
  3 adders (D:2)
  An ooze (D:1)
  3 goblins (D:2)
  2 hobgoblins
  A quokka (D:2)
  A bat (D:2)
  A kobold (D:2)
  A rat (D:1)
13 creatures vanquished.

Notes
Turn   | Place    | Note
-------+----------+-------------------------------------------
     0 | D:1      | Gorglomux the Gargoyle Fighter began the quest for the Orb.
     0 | D:1      | Reached XP level 1. HP: 14/14 MP: 1/1
   138 | D:1      | Reached XP level 2. HP: 19/19 MP: 2/2
   274 | D:2      | Reached XP level 3. HP: 6/24 MP: 3/3
   717 | D:2      | Noticed a black bear
   728 | D:2      | Slain by a black bear

Vault maps used:
D:1:      minmay_arrival_loop, serial_park_tiny_1, roderic_lattice_a
D:2:      first_ration, chequers_ecumenical_altar_island, minmay_pentomino_p4

Skill      XL: |  1  2 |
---------------+-------+-----
Axes           | 2 |  2.2
Fighting       | |  3.7
Armour         | |  3.7
Shields        | |  3.7

Action                   || total
-------------------------++-------
Melee: War axe           ||    63
Armor: Scale mail        ||    50
Dodge: Dodged            ||    28
Block: Shield            ||    48

Table legend:
 A = Spawn XP
 B = Non-spawn XP
 C = Spawn XP percentage of total XP
 D = Spawn monster count
 E = Non-spawn monster count
 F = Spawn count percentage of total count
 G = Total turns spent on level
                    A         B        C        D         E        F      G
               +---------+---------+-------+---------+---------+-------+---------
         Total |       0 |      61 |   0.0 |       0 |      13 |   0.0 |   728
               +---------+---------+-------+---------+---------+-------+---------
           D:1 |       0 |      10 |   0.0 |       0 |       3 |   0.0 |   189
           D:2 |       0 |      51 |   0.0 |       0 |      10 |   0.0 |   539
               +---------+---------+-------+---------+---------+-------+---------
